 Dungeon Crawl Stone Soup version 0.24-a0-285-g3c078ff (webtiles) character file.

Game seed: 18257667710218590658

609 MisterFreud the Ducker (level 7, -4/46 HPs)
             Began as an Octopode Fighter on May 7, 2019.
             Slain by an ogre
             ... wielding a +0 giant club
              (10 damage)
             ... on level 6 of the Dungeon.
             The game lasted 00:06:01 (3938 turns).

MisterFreud the Ducker (Octopode Fighter)           Turns: 3938, Time: 00:06:02

Health: -4/46      AC:  1    Str: 15    XL:     7   Next: 43%
Magic:  7/7        EV: 13    Int: 12    God:
Gold:   167        SH:  8    Dex: 12    Spells: 6/6 levels left

rFire    . . .     SeeInvis .   a - +0 long sword
rCold    . . .     Gourm    .   b - +0 shield
rNeg     . . .     Faith    .   (helmet restricted)
rPois    .         Spirit   .   (no amulet)
rElec    .         Reflect  .   (no ring)
rCorr    .         Harm     .   (no ring)
MR       .....                  (no ring)
Stlth    ++........             (no ring)
HPRegen  0.15/turn              (no ring)
MPRegen  0.10/turn              (no ring)
                                (no ring)
                                (no ring)

@: no status effects
A: almost no armour, stealthy swim, amphibious, 8 rings, constrict 8, camouflage
1, gelatinous body 1
a: no special abilities


You were on level 6 of the Dungeon.
You were hungry.

You visited 1 branch of the dungeon, and saw 5 of its levels.

You collected 167 gold pieces.

Inventory:

Hand Weapons
 a - a +0 long sword (weapon)
Missiles
 e - 118 stones (quivered)
 f - 15 arrows
 h - 16 sling bullets
 o - 15 bolts
 t - 13 poisoned needles
Armour
 b - a +0 shield (worn)
Wands
 c - a wand of random effects (19)
Scrolls
 k - a scroll of teleportation
Potions
 g - 3 potions of curing {unknown}
 i - 2 potions of heal wounds
 j - a potion of lignification {unknown}
 l - a potion of magic {unknown}
 n - a potion of berserk rage {unknown}
 q - a potion of haste {unknown}
 s - a potion of might
Comestibles
 d - 8 rations


   Skills:
 + Level 3.0 Fighting
 + Level 6.0 Long Blades
 - Level 6.1 Dodging
 - Level 3.0 Shields


You had 6 spell levels left.
You didn't know any spells.
Your spell library was empty.

Dungeon Overview and Level Annotations

Branches:
Dungeon (4/15)
 Temple: D:4-7

Altars:
Xom


Innate Abilities, Weirdness & Mutations

You cannot wear most types of armour.
You are very stealthy in the water. (Stealth+)
You are amphibious.
You can wear up to eight rings at the same time.
You can use your tentacles to constrict eight enemies at once.
Your skin changes colour to match your surroundings (Stealth+).
Your rubbery body absorbs attacks. (AC +1, EV +1)


Message History

You slash the bullfrog zombie!
You destroy the bullfrog zombie!
Training target 6.0 for Dodging reached!
Your Dodging skill increases to level 6!
You need to enable at least one skill for training.
You hit the leopard gecko zombie. You grab the leopard gecko zombie.
You squeeze the leopard gecko zombie, but do no damage.
The leopard gecko zombie is severely damaged.
You constrict the leopard gecko zombie.
You destroy the leopard gecko zombie!
Your shield prevents you from hitting the ogre.
The ogre barely misses you.
You completely miss the ogre.
The ogre hits you with a +0 giant club!!
Ouch! That really hurt!
* * * LOW HITPOINT WARNING * * *
You slash the ogre!
The ogre is moderately wounded.
The ogre hits you with a +0 giant club!
You die...

#..#####....
#..####.....
#.......##..
##############.########.
#......#.......# #.
#........####### #.
#.....##.# #. #....$##.#
#. .....ZO@.# ##
......#### .###. #


You could see an ogre and a wyvern zombie.

Vanquished Creatures
  An ogre (D:2)
  A centaur (D:6)
  A scorpion (D:2)
  A water moccasin skeleton (D:6)
  2 bullfrog zombies (D:6)
  A bullfrog skeleton (D:6)
  2 orc wizards (D:3)
  A killer bee zombie (D:6)
  A hound zombie (D:6)
  Robin (D:4)
  3 adders
  An ooze (D:4)
  An adder zombie (D:6)
  2 worms
  2 dart slugs
  4 leopard geckos
  8 orcs (D:3)
  8 giant cockroaches
  21 goblins
  5 hobgoblins
  11 jackals
  4 kobolds
  A quokka (D:3)
  3 ball pythons
  6 bats
  5 frilled lizards
  A leopard gecko zombie (D:6)
  5 rats
103 creatures vanquished.

Notes
Turn   | Place    | Note
-------+----------+-------------------------------------------
     0 | D:1      | MisterFreud the Octopode Fighter began the quest for the
                  | Orb.
     0 | D:1      | Reached XP level 1. HP: 16/16 MP: 1/1
   234 | D:1      | Reached XP level 2. HP: 16/21 MP: 2/2
   448 | D:1      | Reached XP level 3. HP: 17/26 MP: 3/3
  1145 | D:2      | Noticed an ogre
  1497 | D:2      | Reached XP level 4. HP: 21/31 MP: 4/4
  1791 | D:2      | Killed an ogre
  1791 | D:2      | Reached skill level 5 in Long Blades
  1791 | D:2      | Reached XP level 5. HP: 36/36 MP: 5/5
  2088 | D:2      | Found a faded altar of an unknown god.
  2440 | D:3      | Reached XP level 6. HP: 41/42 MP: 6/6
  2714 | D:3      | Found a shimmering altar of Xom.
  2952 | D:4      | Noticed Robin
  3246 | D:4      | Killed Robin
  3629 | D:4      | You fall through a shaft for 2 floors!
  3642 | D:6      | Reached skill level 5 in Dodging
  3642 | D:6      | Reached XP level 7. HP: 12/46 MP: 7/7
  3938 | D:6      | Slain by an ogre

Levels and vault maps discovered:
D:1:      dpeg_arrival_rooms_b, layout_basic, chequers_big_river
D:2:      layout_loops_ring, chequers_ecumenical_altar_island, corexii_shack
D:3:      layout_rooms, marbit_many_paths
D:4:      layout_rooms, serial_shops, shop, first_ration, uniq_robin
D:6:      layout_loops_ring, lemuel_coloured_pillars_altar, serial_undead,
          serial_undead_c, serial_undead_d, serial_undead_f, serial_undead_a,
          brannock_xom_greatest_gift

Skill      XL: |  1  2  3  4  5  6  7 |
---------------+----------------------+-----
Long Blades    | 3 4 5 6 |  6.0
Dodging        | 5 6 |  6.1
Fighting       | |  3.0
Shields        | |  3.0

Action                   |  1- 3 |  4- 6 |  7- 9 || total
-------------------------+-------+-------+-------++-------
Melee: Long sword        |    58 |   112 |    25 ||   195
       Constrict         |    17 |    30 |     6 ||    53
       Tentacles         |     8 |    19 |     9 ||    36
  Use: Potion            |       |     2 |       ||     2
       Scroll            |       |     5 |       ||     5
 Stab: Sleeping          |     4 |     3 |       ||     7
       Distracted        |     1 |       |       ||     1
  Eat: Chunk             |     2 |     5 |     2 ||     9
Armor: Skin              |     6 |     9 |     1 ||    16
Dodge: Dodged            |    38 |    54 |     9 ||   101
Block: Shield            |    26 |    51 |    12 ||    89
       Rpst.: Long sword |     8 |    14 |     1 ||    23

Table legend:
 A = Non-vault XP
 B = Vault XP
 C = Vault XP percentage of total XP
 D = Non-vault monster count
 E = Vault monster count
 F = Vault count percentage of total count
                 A         B        C        D         E       F
            +---------+---------+-------+---------+---------+-------
      Total |     621 |     249 |  28.6 |      83 |      20 |  19.4
            +---------+---------+-------+---------+---------+-------
        D:1 |      54 |       0 |   0.0 |      28 |       0 |   0.0
        D:2 |     254 |       0 |   0.0 |      23 |       0 |   0.0
        D:3 |     143 |       3 |   2.1 |      27 |       2 |   6.9
        D:4 |      11 |      37 |  77.1 |       2 |      12 |  85.7
        D:6 |     159 |     209 |  56.8 |       3 |       6 |  66.7
            +---------+---------+-------+---------+---------+-------
